 Seeded DCSS version 0.32-a0-986-ga09f62fbf4 (webtiles) character file.

Game seed: 16051412828149045863 (custom seed)

768 Chadd the Cudgeller (level 7, -1/60 HPs)
             Began as a Mountain Dwarf Gladiator on Apr 21, 2024.
             Killed by divine providence
             ... invoked by an orc priest
              (11 damage)
             ... on level 5 of the Dungeon.
             The game lasted 00:08:35 (3748 turns).

Chadd the Cudgeller (Mountain Dwarf Gladiator)      Turns: 3748, Time: 00:08:36

Health: -1/60      AC: 11    Str: 19    XL:     7   Next: 52%
Magic:  7/7        EV: 15    Int:  8    God:
Gold:   146        SH:  0    Dex: 11    Spells: 6/6 levels left

rFire   . . .        a - +0 flail
rCold   . . .        (no shield)
rNeg    . . .        q - +0 ring mail
rPois   .            c - +0 helmet
rElec   .            x - +0 cloak
rCorr   .            (no gloves)
SInv    .            A - +2 pair of boots
Will    .....        (no amulet)
Stlth   +            v - +5 ring of evasion
HPRegen 0.30/turn    (no ring)
MPRegen 0.10/turn

%: no passive effects
@: no status effects
A: runic magic, artefact enchanting
a: Convert to Beogh


You were on level 5 of the Dungeon.
You visited 1 branch of the dungeon, and saw 5 of its levels.

You collected 146 gold pieces.

Inventory:

Hand Weapons
 a - a +0 flail (weapon)
Missiles
 d - a throwing net
 B - 5 darts of dispersal
Armour
 b - a +0 leather armour
 c - a +0 helmet (worn)
 q - a +0 ring mail (worn)
 r - a +0 pair of boots
 x - a +0 cloak (worn)
 A - a +2 pair of boots (worn)
Jewellery
 g - a ring of wizardry
 v - a +5 ring of evasion (left hand)
 D - a ring of see invisible
Wands
 w - a wand of charming (15)
 y - a wand of flame (10) (quivered)
 C - a wand of roots (9)
Scrolls
 f - 3 scrolls of blinking {unknown}
 h - a scroll of amnesia {unknown}
 i - a scroll of teleportation {unknown}
 l - a scroll of poison {unknown}
 p - 7 scrolls of identify {unknown}
 s - 2 scrolls of enchant weapon {unknown}
 z - a scroll of revelation {unknown}
Potions
 e - a potion of cancellation {unknown}
 j - 3 potions of curing {unknown}
 k - a potion of resistance {unknown}
 m - 3 potions of berserk rage {unknown}
 n - a potion of brilliance {unknown}
 o - a potion of ambrosia {unknown}
 t - 3 potions of invisibility {unknown}
 u - a potion of heal wounds {unknown}


   Skills:
 + Level 4.6 Fighting
 + Level 5.8 Maces & Flails
 + Level 3.4 Throwing
 + Level 3.5 Armour
 + Level 3.6 Dodging


You had 6 spell levels left.
You didn't know any spells.
Your spell library contained the following spells:

 Spells                   Type           Power      Damage    Failure   Level
 Frozen Ramparts          Ice            0%         1d1       82%         3
 Ozocubu's Armour         Ice            0%         N/A       82%         3
 Metabolic Englaciation   Hex/Ice        0%         N/A       100%        5


Dungeon Overview and Level Annotations

Branches:
Dungeon (5/15)
 Temple: D:4-7

Altars:
Qazlal
Yredelemnul


Innate Abilities, Weirdness & Mutations

Your spellcasting is much less encumbered by armour.
You can use scrolls of enchantment on lesser artefacts.


Message History

An orc comes into view.
It is wielding a +0 club and wearing a +2 ring mail of fire resistance.
Aiming: Throw Flame
Press: ? - help, Q - select action, (/) - cycle Shift-Dir - straight line, f/p - orc warrior
Aim: an orc warrior, wielding a +0 dire flail and wearing a +0 chain mail (moderately wounded, 64% to hit)
The puff of flame hits the orc warrior.
The orc warrior is moderately wounded.
The orc shouts!
An orc priest comes into view. It is wielding a +0 dagger.
The orc priest shouts!
The orc warrior closely misses you.
You closely miss the orc warrior.
The orc warrior is moderately wounded.
The orc warrior completely misses you.
You hit the orc warrior.
The orc warrior is moderately wounded.
The orc warrior hits you with a +0 dire flail!
You closely miss the orc warrior.
The orc warrior is moderately wounded.
The orc warrior completely misses you.
You hit the orc warrior but do no damage.
The orc warrior is moderately wounded.
The orc warrior barely misses you.
You barely miss the orc warrior.
The orc warrior is moderately wounded.
The orc warrior hits you with a +0 dire flail!
The orc warrior barely misses you.
You sock the orc warrior!
The orc warrior is heavily wounded.
The orc priest invokes the aid of Beogh against you.
Beogh smites you!
The orc warrior hits you with a +0 dire flail!
You hit the orc warrior.
The orc warrior is severely wounded.
The orc warrior hits you with a +0 dire flail!
* * * LOW HITPOINT WARNING * * *
You closely miss the orc warrior.
The orc warrior is severely wounded.
The orc priest mumbles some strange prayers to Beogh against you.
Beogh smites you!
You die...

#.# #.#######.#####.
#.# #.# #.# #. #.#
###.#######.# #.
#.######...........#
#..........#########
#.####.#.###
#.....#.<#
#.####.#.# #.# #.#@#
#.# #.#o# #.# #.#o#
#.# #.#o# #.#o#
..#.# ..#.# #.#


You could see an orc warrior, an orc priest and 2 orcs.

Vanquished Creatures
  A water moccasin (D:5)
  An ice beast (D:5)
  A black bear (D:5)
  An ogre (D:4)
  A phantom (D:4)
  A howler monkey (D:5)
  A bombardier beetle (D:2)
  An orc priest (D:3)
  An iguana (D:5)
  3 gnolls (D:2)
  5 adders
  An adder zombie (D:4)
  A ribbon worm (D:3)
  4 dart slugs
  15 orcs
  7 ball pythons
  10 endoplasms
  A giant cockroach (D:2)
  4 hobgoblins
  8 jackals
  2 quokkas
  7 bats
  8 frilled lizards
  7 goblins
  7 kobolds
  A quokka zombie (D:4)
  6 rats
106 creatures vanquished.

Notes
Turn   | Place    | Note
-------+----------+-------------------------------------------
     0 | D:1      | Chadd the Mountain Dwarf Gladiator began the quest for the
                  | Orb.
     0 | D:1      | Reached XP level 1. HP: 17/17 MP: 1/1
   288 | D:1      | Reached XP level 2. HP: 23/25 MP: 2/2
   704 | D:1      | Reached skill level 4 in Maces & Flails
   846 | D:2      | Reached XP level 3. HP: 30/30 MP: 3/3
  1153 | D:2      | Found a faded altar of an unknown god.
  1272 | D:2      | Reached XP level 4. HP: 38/38 MP: 4/4
  1553 | D:2      | Reached skill level 1 in Armour
  1840 | D:3      | Reached XP level 5. HP: 45/45 MP: 5/5
  2456 | D:4      | Found a stormy altar of Qazlal.
  2686 | D:4      | Noticed a phantom
  2701 | D:4      | Killed a phantom
  2702 | D:4      | Reached skill level 5 in Maces & Flails
  2702 | D:4      | Reached XP level 6. HP: 51/52 MP: 6/6
  3112 | D:4      | Found a basalt altar of Yredelemnul.
  3401 | D:5      | Entered Level 5 of the Dungeon
  3472 | D:5      | Noticed a water moccasin
  3486 | D:5      | Killed a water moccasin
  3585 | D:5      | Reached XP level 7. HP: 59/59 MP: 7/7
  3748 | D:5      | Killed from afar by an orc priest

Illustrated notes

Levels and vault maps discovered:
D:1:      onia_arrival_mini_maze_b, layout_basic, minmay_shallow_snake_nest
D:2:      layout_loops_ring, shapermc_ecumenical_altar_starsandcircs,
          guppyfry_early_lair_pool
D:3:      layout_rooms, chequers_serial_rivers_micro_e
D:4:      layout_gridville, nicolae_qazlal_scattered_showers,
          lemuel_zombie_altar_yredelemnul
D:5:      layout_loops_ring, lemuel_tele_altar, minmay_misc_feat_enclosed,
          kennysheep_generic_room_7, uniq_pikel

Skill      XL: |  1  2  3  4  5  6  7 |
---------------+----------------------+-----
Maces & Flails | 4 5 |  5.8
Throwing       | 2 3 |  3.4
Fighting       | 3 4 |  4.6
Armour         | 1 2 3 |  3.5
Dodging        | 3 |  3.6

Action                     |  1- 3 |  4- 6 |  7- 9 || total
---------------------------+-------+-------+-------++-------
  Melee: Flail             |   132 |   238 |    48 ||   418
  Throw: Throwing net      |     2 |     2 |       ||     4
         Javelin           |     1 |       |       ||     1
  Evoke: Wand              |       |     2 |     9 ||    11
 Armour: Leather armour    |   126 |     5 |       ||   131
         Ring mail         |       |   123 |    43 ||   166
  Dodge: Dodged            |   108 |   180 |    47 ||   335

Table legend: (Time is in decaauts)
 A = Elapsed time spent in this place.
 B = Non-inter-level travel time spent in this place.
 C = Inter-level travel time spent in this place.
 D = Time resting spent in this place.
 E = Time spent auto-exploring this place.
 F = Levels seen in this place.
 G = Mean time per level.
                   A        B        C        D        E       F      G
               +--------+--------+--------+--------+--------+-----+--------+
         Total |   3825 |   3529 |    296 |    348 |   2253 |   5 |  765.0 |
       Dungeon |   3825 |   3529 |    296 |    348 |   2253 |   5 |  765.0 |
               +--------+--------+--------+--------+--------+-----+--------+

Top non-repeatable levels by time:
     D:2: 1035 daAuts
     D:4: 958 daAuts
     D:1: 779 daAuts
     D:3: 698 daAuts
     D:5: 354 daAuts
